[Event "Early-Titled-Tuesday-Blitz-February-20-2024"]
[Site "Chess.com"]
[Date "2024.02.20"]
[Round "10"]
[White "Beca95"]
[Black "Shield12"]
[Result "1-0"]
[WhiteElo "2909"]
[BlackElo "2966"]
[TimeControl "180+1"]
[EndTime "9:58:28 PST"]
[Termination "Beca95 won by resignation"]

1. Nf3 Nf6 2. c4 e6 3. Nc3 d5 4.
e3 Bd6 5. b3 O-O 6. Bb2 Re8 7.
Rg1 Ne4 8. Qc2 Nxc3 9. Qxc3 Bf8 10. d4 Nc6 11. a3 Bd7 12. O-O-O g6 13. h4 a6 14. h5 b5 15. cxb5 axb5 16. b4 Ra4 17. hxg6 hxg6 18. Rh1 Qf6 19. Be2 Rea8 20. Rh4 Bg7 21.
Rdh1 Be8 22. Kd2 Ne7 23. Rf4 Nf5 24. g4 Nd6 25. Bd3 Qe7 26. g5 R4a6 27. Ke2 Rc6 28. Qd2 Nc4 29. Bxc4 Rxc4 30. Rfh4 Bd7 31. Kf1 Bc8 32.
Kg2 e5 33. dxe5 Bg4 34. Nd4 Qxg5 35. f4 Qe7 36. Rxg4 c5 37. bxc5 Qxc5 38. Rgh4 b4 39. Kg3 bxa3 40. Ba1 Qb5 41. Nxb5 1-0

[Event "Early-Titled-Tuesday-Blitz-February-20-2024"]
[Site "Chess.com"]
[Date "2024.02.20"]
[Round "10"]
[White "RobertoJBM"]
[Black "Viacheslav92"]
[Result "1/2-1/2"]
[WhiteElo "2800"]
[BlackElo "2557"]
[TimeControl "180+1"]
[EndTime "9:58:29 PST"]
[Termination "Game drawn by agreement"]

1. d4 Nf6 2. Nf3 g6 3. e3 Bg7 4. b3 O-O 5. Bb2 d5 6. Be2 c5 7. dxc5 Qa5+ 8. Nbd2 Qxc5 9. a3 Nc6 10. b4 Qb6 11. c4 dxc4 12. Bxc4 Qd8 13. Qb3 Bf5 14. O-O Ne4 15. Rfd1 Nxd2 16. Rxd2 Qc7 17. Bxg7 Kxg7 18. Rc1 Rad8 19. Rxd8 Qxd8 20. Rd1 Qc7 21. h3 Ne5 22.
Qb2 f6 23. Nxe5 Qxe5 24. Qxe5 fxe5 25. Bd5 Rd8 26. Bf3 Rxd1+ 27. Bxd1 Kf6 28. Kf1 Bd3+ 29. Ke1 e4 30. Kd2 Bf1 31. g3 Bxh3 32. Bb3 Ke5 33. Ba4 Bf5 34. Ke2 h5 35. Kf1 g5 36. Kg2 h4 37.
gxh4 gxh4 38. Bb3 Kd6 39. Bc4 Kc6 40. Be2 b6 41. Bc4 a5 42. Be2 Kd5 43. Ba6 e5 44.
Be2 Kd6 45. Bc4 Be6 46. Bxe6 Kxe6 47. bxa5 bxa5 48. Kh3 Kd5 49. Kxh4 Kc4 50. Kg4 Kb3 51. Kf5 Kxa3 52. Kxe4 Kb3 53. f4 exf4 54. exf4 a4 55. f5 a3 56. f6 a2 57. f7 a1=Q 58. f8=Q Qe1+ 1/2-1/2

[Event "Early-Titled-Tuesday-Blitz-February-20-2024"]
[Site "Chess.com"]
[Date "2024.02.20"]
[Round "10"]
[White "guillembaches"]
[Black "Hudijegszid"]
[Result "0-1"]
[WhiteElo "2515"]
[BlackElo "2380"]
[TimeControl "180+1"]
[EndTime "9:58:29 PST"]
[Termination "Hudijegszid won on time"]

1. d4 d5 2. Nf3 e6 3. Bg5 Be7 4. Bxe7 Nxe7 5. Nbd2 b6 6. e3 O-O 7. c3 c5 8. Bd3 Ba6 9. Bxa6 Nxa6 10. Ne5 Nb8 11.
f4 Nbc6 12. Ndf3 f6 13. Nxc6 Nxc6 14. O-O Qd6 15. Qe1 Rae8 16. Qh4 e5 17. Rae1 e4 18. Nd2 c4 19. f5 a5 20. g4 h6 21. Rf4 b5 22. a3 Rb8 23. Qg3 Rf7 24. h4 b4 25.
axb4 axb4 26. g5 hxg5 27. hxg5 fxg5 28. Qxg5 bxc3 29. bxc3 Rb2 30. Re2 Qf6 31. Qg3 Rc2 32. Rh2 Ra7 33. Qh3 Rxc3 34. Qh8+ Kf7 35. Qc8 Ne7 36.
Qb8 Ra1+ 37. Nf1 Rxe3 38. Rh8 Qg5+ 39. Kf2 Ra2+ 40. Kxe3 Qg1+ 0-1

[Event "Early-Titled-Tuesday-Blitz-February-20-2024"]
[Site "Chess.com"]
[Date "2024.02.20"]
[Round "10"]
[White "Ati1517"]
[Black "MasterKroket"]
[Result "1/2-1/2"]
[WhiteElo "2262"]
[BlackElo "2496"]
[TimeControl "180+1"]
[EndTime "9:58:29 PST"]
[Termination "Game drawn by repetition"]

1. e4 e5 2. Nf3 Nc6 3. d4 exd4 4. Bc4 Nf6 5. O-O Nxe4 6. Re1 d5 7. Bxd5 Qxd5 8. Nc3 Qa5 9. Nxe4 Be6 10. Neg5 O-O-O 11. Nxe6 fxe6 12. Rxe6 Bd6 13. Bg5 Rde8 14. Qe2 Kd7 15. Re1 Qxe1+ 16. Nxe1 Rxe6 17. Qg4 Re8 18. Nd3 h6 19.
Bf4 g5 20. Bxd6 Kxd6 21. h3 Re4 22. Qh5 R8e6 23. Qf7 Ne7 24. Qf8 c5 25. Qd8+ Kc6 26. Qe8+ Kd6 27. Qd8+ Kc6 28. Qe8+ Kc7 29. Nxc5 Re1+ 30.
Kh2 Rd6 31. Qb5 b6 32. Na6+ Kd8 33. Qc4 Nc6 34. Nb4 Nxb4 35. Qxb4 Ree6 36. Qc4 Kd7 37. Qd3 Re5 38. c3 dxc3 39. Qxc3 Rc5 40. Qg7+ Kc6 41. Qf8 a5 42. Qe8+ Kd5 43. Qf7+ Kd4 44. Qf3 Re6 45. Qd1+ Ke5 46. Qe2+ Kd6 47. Qd3+ Rd5 48. Qa3+ Kc6 49.
Qc3+ Kb7 50. b4 a4 51. Qg7+ Kc6 52. Qc3+ Kb5 53. a3 Rc6 54. Qg7 Kc4 55. Qb2 Rd3 56. Qc2+ Rc3 57. Qe4+ Kb5 58. Qd5+ R6c5 59. bxc5 bxc5 60.
Qb7+ Kc4 61. Qa6+ Kb3 62. Qxh6 Kxa3 63. Qxg5 Kb2 64. Qd2+ Rc2 65. Qa5 a3 66. Qb5+ Kc1 67. Qf1+ Kb2 68. Qb5+ Kc1 69. Qf1+ Kb2 70. Qb5+ 1/2-1/2

[Event "Early-Titled-Tuesday-Blitz-February-20-2024"]
[Site "Chess.com"]
[Date "2024.02.20"]
[Round "10"]
[White "NewYearGirl"]
[Black "mary-sanna"]
[Result "1-0"]
[WhiteElo "2356"]
[BlackElo "2161"]
[TimeControl "180+1"]
[EndTime "9:58:29 PST"]
[Termination "NewYearGirl won by checkmate"]

1. e4 c5 2. Nf3 Nc6 3. d4 cxd4 4. Nxd4 Nf6 5. Nc3 e5 6. Ndb5 d6 7. Nd5 Nxd5 8. exd5 Nb8 9. a4 a6 10. Na3 Be7 11.
Be2 O-O 12. O-O Nd7 13. Nc4 Qc7 14. Be3 b6 15. f4 Bb7 16. f5 b5 17. Nd2 Bxd5 18.
Nf3 Bc4 19. b3 Bxe2 20. Qxe2 b4 21. Rac1 Rac8 22. Nd2 Qc6 23. a5 d5 24. Bf2 Bc5 25. Bxc5 Qxc5+ 26. Kh1 Qxa5 27. f6 Nxf6 28. Rxf6 gxf6 29.
Nf3 Qb5 30. Qf2 Qd7 31. Nh4 Qg4 32. g3 Kh8 33. Qxf6+ Qg7 34. Qf5 e4 35. Rf1 Rxc2 36. Qh3 e3 37. Nf5 Qb2 38. Nxe3 Re2 39. Ng4 f5 40.
Nh6 Qe5 41. Qh5 Qe4+ 42. Rf3 Re1+ 43. Kg2 Re2+ 44. Kh3 f4 45. Nf7+ Rxf7 46. Qxf7 Qxf3 47. Qf8# 1-0

[Event "Early-Titled-Tuesday-Blitz-February-20-2024"]
[Site "Chess.com"]
[Date "2024.02.20"]
[Round "10"]
[White "MaestroCheck"]
[Black "Atousa"]
[Result "1-0"]
[WhiteElo "2545"]
[BlackElo "2439"]
[TimeControl "180+1"]
[EndTime "9:58:30 PST"]
[Termination "MaestroCheck won on time"]

1. e4 c5 2. Nc3 a6 3. g3 b5 4. Bg2 Bb7 5. d3 e6 6. Nh3 b4 7. Ne2 d5 8. O-O Nf6 9. e5 Nfd7 10. f4 Be7 11. g4 h5 12. Ng3 hxg4 13. Qxg4 g6 14. c4 Nb6 15. Nf2 Nc6 16. b3 Rh4 17. Qd1 Qd7 18. Be3 O-O-O 19. h3 d4 20. Bd2 Rdh8 21. Nfe4 Kb8 22. a3 a5 23. axb4 axb4 24. Ra2 Qd8 25. Be1 R4h7 26. Qe2 g5 27. f5 Nxe5 28. f6 Bd6 29. Nxd6 Qxd6 30. Ne4 Qc7 31. Bg3 Rxh3 32. Bxh3 Rxh3 33. Qg2 g4 34. Bxe5 Qxe5 35. Qxg4 Bxe4 36. Qxh3 Qg5+ 37. Kh2 Qe5+ 38. Qg3 Qxg3+ 39.
Kxg3 Bxd3 40. Rh1 Bg6 41. Kf4 Kc7 42. Ra7+ Kd6 43. Rh8 e5+ 44. Kf3 e4+ 45. Kf4 e3 46.
Re7 Nd7 47. Rd8 Bf5 48. Kxf5 d3 49. Rdxd7+ Kc6 50. Rxd3 1-0

[Event "Early-Titled-Tuesday-Blitz-February-20-2024"]
[Site "Chess.com"]
[Date "2024.02.20"]
[Round "10"]
[White "Preobrazhenska_D2011"]
[Black "mortngabriel"]
[Result "0-1"]
[WhiteElo "2382"]
[BlackElo "2523"]
[TimeControl "180+1"]
[EndTime "9:58:30 PST"]
[Termination "mortngabriel won on time"]

1. e4 c5 2. Nf3 Nc6 3. Bb5 Nf6 4.
Bxc6 dxc6 5. d3 Bg4 6. h3 Bh5 7. Nbd2 Nd7 8. g4 Bg6 9. Nc4 Qc7 10. Bd2 e5 11. Bc3 f6 12. Qe2 Be7 13. h4 Nf8 14. h5 Bf7 15. Ne3 Ne6 16. Nf5 Bf8 17. O-O-O O-O-O 18. Kb1 Kb8 19. Qe3 Nd4 20. g5 h6 21.
g6 Be6 22. N3h4 b5 23. Bd2 b4 24. b3 Qa5 25. Nxd4 cxd4 26. Qe1 Qb5 27. f4 a5 28. fxe5 fxe5 29. Bc1 a4 30. Qg3 Kb7 31. Nf3 Bd6 32. Qf2 Ra8 33. Rd2 Rhf8 34. Qg2 Qa5 35. Bb2 Ra7 36. Kc1 Rfa8 37. Kd1 axb3 38. axb3 Qa2 39. Bc1 Qb1 40. Ke2 Ra2 41. Rhd1 Rxc2 42. Qf1 Raa2 43.
Ba3 Qxb3 44. Bc1 Bc4 45. Rxc2 Rxc2+ 46. Ke1 Bxd3 47. Qg1 Re2+ 48. Kf1 Qxd1+ 0-1

[Event "Early-Titled-Tuesday-Blitz-February-20-2024"]
[Site "Chess.com"]
[Date "2024.02.20"]
[Round "10"]
[White "EdmundPlayer"]
[Black "MaxLeto"]
[Result "0-1"]
[WhiteElo "2278"]
[BlackElo "2529"]
[TimeControl "180+1"]
[EndTime "9:58:31 PST"]
[Termination "MaxLeto won by checkmate"]

1. Nf3 h5 2. b3 h4 3. Bb2 h3 4. gxh3 d5 5. Rg1 Nf6 6. Ng5 Bf5 7. d3 Nc6 8. Nd2 e5 9. e4 Bg6 10. Bg2 Qd7 11. exd5 Nxd5 12. Qg4 Bf5 13. Qg3 f6 14. Nge4 Nf4 15. h4 O-O-O 16. Nc4 Nd4 17. Bxd4 Qxd4 18.
Rd1 Bxe4 19. Bxe4 Qc3+ 20. Kf1 Qxc2 21. Re1 Kb8 22. Qe3 Rxh4 23. Rc1 Qxa2 24. Na5 Qxa5 25. b4 Qb6 26. Qxb6 axb6 27. Rg3 g5 28. Ra1 Bxb4 29. Rb1 Bc5 30. Rb2 Bd4 31. Rc2 Rxh2 32. Ke1 b5 33. Kd2 b4 34. Ra2 b3 35. Ra4 b2 36. Rb4 b6 37. Rb5 Rxf2+ 38. Ke1 Rc2 39. Rb3 Rc1+ 40. Kd2 b1=Q 41. Rxb1 Rxb1 42. Rf3 Rh8 43. Rf1 Rh2+ 44. Bg2 Rxg2+ 45. Rf2 Rxf2# 0-1

[Event "Early-Titled-Tuesday-Blitz-February-20-2024"]
[Site "Chess.com"]
[Date "2024.02.20"]
[Round "10"]
[White "mishanick"]
[Black "Iskusnyh"]
[Result "1-0"]
[WhiteElo "3020"]
[BlackElo "2676"]
[TimeControl "180+1"]
[EndTime "9:58:32 PST"]
[Termination "mishanick won on time"]

1. d4 d5 2. c4 c6 3. Nc3 Nf6 4. Nf3 e6 5. Bg5 Nbd7 6. e3 h6 7. Bh4 Be7 8. Be2 dxc4 9. Bxc4 O-O 10. O-O b5 11. Bd3 Bb7 12. Rc1 Rc8 13. a3 a6 14. b4 a5 15. Qb3 Nd5 16. Bxe7 Qxe7 17. Nxd5 exd5 18. Bf5 Ra8 19. Bxd7 Qxd7 20. Ne5 Qd6 21.
Rc5 axb4 22. axb4 Ra4 23. Rfc1 Rfa8 24. h3 R8a6 25. Qb1 Qf6 26. R5c2 g6 27. Nd7 Qd6 28. Nc5 Ra7 29. Nxa4 Rxa4 30. Ra2 Rxb4 31. Qa1 Kg7 32. Ra7 Bc8 33. Qa3 Be6 34. Ra6 Bd7 35. Rb6 g5 36. Rb7 Be6 37. Ra7 h5 38. Ra8 g4 39. hxg4 hxg4 40. Rd8 Qe7 41. Re8 Qd6 42. g3 Bf5 43. Re5 Be4 44. Rxe4 dxe4 45. Kg2 Qf8 46. Rxc6 Rc4 47.
Qa6 Rxc6 48. Qxc6 b4 49. Qxe4 Qb8 50. Qxg4+ Kh7 51. Qh5+ Kg7 52. Qg5+ Kh7 53. Qd5 1-0

[Event "Early-Titled-Tuesday-Blitz-February-20-2024"]
[Site "Chess.com"]
[Date "2024.02.20"]
[Round "10"]
[White "tarno17"]
[Black "Hope_6"]
[Result "0-1"]
[WhiteElo "2146"]
[BlackElo "2720"]
[TimeControl "180+1"]
[EndTime "9:58:32 PST"]
[Termination "Hope_6 won on time"]

1. e4 c6 2. d4 d5 3. Nc3 dxe4 4. Nxe4 Nf6 5. Ng3 Qc7 6. Nf3 Bg4 7. Be3 Nbd7 8. Bd3 e6 9. Qd2 Bd6 10. O-O-O Bxf3 11. gxf3 O-O-O 12. Ne4 Be7 13. a4 Nd5 14. a5 Bb4 15. Qe2 Qxa5 16. c3 Qa1+ 17. Bb1 Be7 18. Qc2 f5 19. Nd2 f4 20. Nb3 Qa6 21. Bd2 e5 22. dxe5 Nxe5 23. Qf5+ Nd7 24. Rhe1 Bf6 25. Bxf4 Nxf4 26. Qxf4 Qb5 27. Qb4 Qg5+ 28. Nd2 Nb6 29.
Be4 Kb8 30. Re3 Rhe8 31. Kc2 Nd5 32. Bxd5 Rxe3 33. fxe3 Qxd5 34. Qf4+ Ka8 35. Qe4 Qd6 36. f4 a6 37. h4 Qd7 38. Qxh7 Qe6 39. Qh5 Qxe3 40. Qf3 Rxd2+ 41. Rxd2 Qxf3 42. c4 Qe4+ 0-1

[Event "Early-Titled-Tuesday-Blitz-February-20-2024"]
[Site "Chess.com"]
[Date "2024.02.20"]
[Round "10"]
[White "arnash_bauyrzhan"]
[Black "abeljusto"]
[Result "1-0"]
[WhiteElo "2263"]
[BlackElo "2097"]
[TimeControl "180+1"]
[EndTime "9:58:35 PST"]
[Termination "arnash_bauyrzhan won on time"]

1. e4 c5 2. Nf3 Nc6 3. Bb5 g6 4. O-O Bg7 5. Re1 Nf6 6. c3 O-O 7. d4 d5 8. e5 Ne4 9. Bxc6 bxc6 10. Nbd2 cxd4 11. cxd4 Qb6 12. Nxe4 dxe4 13. Rxe4 Bf5 14.
Re1 Bg4 15. Be3 Qxb2 16. h3 Bf5 17. Qc1 Qxc1 18. Raxc1 Rac8 19. Rc5 Be4 20. Nd2 Bd5 21. a4 Rb8 22. a5 a6 23. Nc4 Rb4 24. Nb6 e6 25. Ra1 f6 26. f4 fxe5 27. fxe5 Rb2 28. Nxd5 cxd5 29. Rc6 Re2 30. Ra3 Rb8 31. Rb6 Rc8 32.
Rxe6 Rcc2 33. Rxa6 Rxg2+ 34. Kf1 Rh2 35. Ra8+ Kf7 36.
a6 Rh1+ 37. Bg1 Rc1+ 38. Kf2 Rhxg1 39. Rf3+ 1-0

[Event "Early-Titled-Tuesday-Blitz-February-20-2024"]
[Site "Chess.com"]
[Date "2024.02.20"]
[Round "10"]
[White "alexrustemov"]
[Black "Saxar85"]
[Result "1/2-1/2"]
[WhiteElo "2892"]
[BlackElo "2737"]
[TimeControl "180+1"]
[EndTime "9:58:36 PST"]
[Termination "Game drawn by agreement"]

1. d4 Nf6 2. c4 e6 3. Nf3 d5 4. Nc3 Bb4 5. Bg5 h6 6. Bxf6 Qxf6 7. e3 O-O 8. Qb3 c5 9. cxd5 exd5 10. dxc5 Nc6 11. O-O-O Bxc3 12. Qxc3 Qxc3+ 13. bxc3 Be6 14. Nd4 Rfc8 15. Nb3 Ne5 16. Be2 Nd7 17. Kb2 Nxc5 18. Nxc5 Rxc5 19. Rd4 Rac8 20. Rc1 b6 21. Bf3 R8c7 22. h4 g6 23. g4 g5 24. hxg5 hxg5 25. Rd3 Kg7 26. Rcd1 Kf6 27. Bxd5 Bxg4 28. R1d2 Rd7 29.
c4 Be6 30. e4 Ke5 31. Kb3 Rdc7 32. a4 Rxc4 33. Rg3 Rxe4 34. Bxe6 fxe6 35. Rxg5+ Kf6 36.
Rb5 Rcc4 37. a5 bxa5 38. Rxa5 Rcd4 39. Rxd4 Rxd4 40. Rxa7 Rd2 41. Kc3 Rxf2 42. Kd3 Kf5 43. Ke3 Rb2 44. Ra5+ e5 45. Ra4 Rb3+ 46. Ke2 e4 47.
Ra8 1/2-1/2

[Event "Early-Titled-Tuesday-Blitz-February-20-2024"]
[Site "Chess.com"]
[Date "2024.02.20"]
[Round "10"]
[White "Kunalm64"]
[Black "PavelShkapenko"]
[Result "1-0"]
[WhiteElo "2562"]
[BlackElo "2710"]
[TimeControl "180+1"]
[EndTime "9:58:37 PST"]
[Termination "Kunalm64 won by resignation"]

1. e4 e5 2. Nf3 Nc6 3. Bb5 Bc5 4. c3 f5 5. d3 fxe4 6. dxe4 Nf6 7. O-O O-O 8. Bg5 d6 9. h3 Qe8 10. a4 a6 11. Bc4+ Kh8 12. Qe2 Qg6 13. Nbd2 h6 14. Bxf6 Bxh3 15. Bg5 Bg4 16. Be3 Rxf3 17. Nxf3 Rf8 18.
Nh4 Qh5 19. f3 Bxe3+ 20. Qxe3 Bc8 21. g3 Ne7 22. Bd3 Rf6 23. Nf5 Qh3 24. Qf2 Nxf5 25. exf5 Bxf5 26. Bxf5 Qxf5 27. Qh2 Rg6 28. Rae1 Kg8 29.
Rf2 Qf4 30. Kg2 Qxa4 31. Qh5 Rg5 32. Qh3 Kh7 33. Re4 Qc6 34. Rg4 Rxg4 35. Qxg4 Qd5 36. Qe4+ Qxe4 37. fxe4 Kg8 38. Kf3 Kf7 39. Ke3+ Ke7 40. g4 a5 41. c4 b6 42. Kd3 c6 43.
Kc3 Ke8 44. b4 axb4+ 45. Kxb4 Ke7 46. Kc3 g6 47. Kd3 Kd7 48. Rf7+ Ke6 49. Rb7 d5 50.
cxd5+ cxd5 51. Rxb6+ 1-0

[Event "Early-Titled-Tuesday-Blitz-February-20-2024"]
[Site "Chess.com"]
[Date "2024.02.20"]
[Round "10"]
[White "Dinosaurio_1975"]
[Black "Rosh1610"]
[Result "0-1"]
[WhiteElo "2591"]
[BlackElo "2422"]
[TimeControl "180+1"]
[EndTime "9:58:37 PST"]
[Termination "Rosh1610 won by resignation"]

1. e4 c5 2. Nf3 d6 3. d4 cxd4 4. Nxd4 Nf6 5. Nc3 a6 6. Be2 e5 7.
Nb3 Be7 8. Be3 Be6 9. g4 b5 10. Nd5 Bxd5 11. exd5 h6 12. h4 Nbd7 13. Qd2 Nb6 14.
Bxb6 Qxb6 15. O-O-O Qxf2 16. Rdf1 Qb6 17. g5 hxg5 18.
hxg5 Rxh1 19. Rxh1 Ne4 20. Qd3 Bxg5+ 21. Kb1 Nf2 22.
Rh8+ Ke7 23. Qh7 Rxh8 24. Qxh8 Qe3 25. Qh5 g6 26. Qf3 Qxf3 27. Bxf3 f5 28. Be2 Be3 29.
c4 bxc4 30. Bxc4 g5 31. Bxa6 g4 32. Nc1 f4 33. Nd3 e4 34. Ne1 f3 35. Bf1 g3 36.
Kc2 Nd3 37. Bxd3 g2 38. Bxe4 g1=Q 39. Nxf3 Qf2+ 40. Kd3 Bf4 41. Nd4 Qe3+ 42. Kc4 Qxe4 43. a4 Be3 44. Kb5 Qxd4 0-1

[Event "Early-Titled-Tuesday-Blitz-February-20-2024"]
[Site "Chess.com"]
[Date "2024.02.20"]
[Round "10"]
[White "BillCoe"]
[Black "Jamal-Jamal-Jamal"]
[Result "1/2-1/2"]
[WhiteElo "2144"]
[BlackElo "2267"]
[TimeControl "180+1"]
[EndTime "9:58:40 PST"]
[Termination "Game drawn by repetition"]

1. e4 c6 2. d4 d5 3. Nc3 dxe4 4. Nxe4 Nf6 5. Nxf6+ exf6 6. Nf3 Bd6 7. h3 O-O 8. Bd3 Re8+ 9. Be3 Nd7 10. O-O Nf8 11. Qd2 Ne6 12. c4 Qc7 13. a3 a5 14. b3 Nf4 15. Rfe1 Nxd3 16. Qxd3 Be6 17. d5 cxd5 18. cxd5 Bd7 19. Rec1 Qd8 20. Rd1 g6 21. Qd4 Rc8 22. Bf4 Bf5 23. Bxd6 Qxd6 24. b4 Re4 25. Qa7 axb4 26.
Qxb7 Rb8 27. Qc6 Qxc6 28. dxc6 b3 29. c7 Rc8 30. Rd8+ Kg7 31. Rxc8 Bxc8 32. Rb1 Rc4 33. Rxb3 Rxc7 34. a4 Ra7 35. Ra3 Ra5 36. Nd4 Bd7 37. Nb3 Rxa4 38. Rxa4 Bxa4 39. Nc5 Bc6 40. g3 f5 41. f4 h5 42. h4 Kf6 43. Kf2 Ke7 44.
Ke3 Kd6 45. Nd3 Kd5 46. Ne5 Be8 47. Nd3 Bd7 48. Ne5 Be6 49. Nd3 Kc4 50. Nb2+ Kc3 51. Nd3 Kc2 52. Nc5 Kd1 53. Kf2 Kd2 54. Na6 Kd3 55. Nc5+ Kd4 56. Nb7 Bd5 57. Nd6 Kd3 58. Nb5 Kc4 59. Nd6+ Kc5 60. Ne8 Kc6 61. Nf6 Be6 62.
Ke3 Kd6 63. Kd4 Ke7 64. Ng8+ Kd7 65. Nf6+ Ke7 66. Ng8+ Kf8 67. Nf6 Ke7 1/2-1/2

[Event "Early-Titled-Tuesday-Blitz-February-20-2024"]
[Site "Chess.com"]
[Date "2024.02.20"]
[Round "10"]
[White "Predator0608"]
[Black "David_George21"]
[Result "1-0"]
[WhiteElo "2588"]
[BlackElo "2353"]
[TimeControl "180+1"]
[EndTime "9:58:41 PST"]
[Termination "Predator0608 won by resignation"]

1. f4 d5 2. Nf3 c5 3. g3 Nc6 4. Bg2 g6 5. O-O Bg7 6. d3 e6 7. e4 Nge7 8. e5 O-O 9. Nc3 f6 10. exf6 Bxf6 11. Qe1 Nf5 12. g4 Nfd4 13. Qd1 Bg7 14. Ne2 e5 15. Nexd4 exd4 16. h3 Qc7 17. Bd2 Bd7 18. Ng5 Qd6 19. Qf3 Ne7 20. Qg3 h6 21.
Nf3 Kh7 22. Rae1 Rae8 23. Qh4 Nc6 24. a3 b5 25. Kh1 c4 26. f5 gxf5 27. Ng5+ Kg8 28.
Nf3 fxg4 29. hxg4 Qg6 30. g5 Rxe1 31. Rxe1 h5 32. Ng1 Be6 33. Nh3 Be5 34. Bf4 Bxh3 35. Bxd5+ Be6 36. Be4 Bf5 37. Bd5+ Be6 38. Bxe6+ Qxe6 39.
Bxe5 Nxe5 40. Qxh5 Qd5+ 41. Re4 cxd3 42. cxd3 Nxd3 43. Qg6+ Kh8 44. Qh6+ Kg8 45. Qg6+ Kh8 46. Kg1 Rf4 47. Re8+ 1-0

[Event "Early-Titled-Tuesday-Blitz-February-20-2024"]
[Site "Chess.com"]
[Date "2024.02.20"]
[Round "10"]
[White "zverr1"]
[Black "davigator"]
[Result "1-0"]
[WhiteElo "2556"]
[BlackElo "2381"]
[TimeControl "180+1"]
[EndTime "9:58:41 PST"]
[Termination "zverr1 won by checkmate"]

1. e4 c5 2. Nf3 Nc6 3. d4 cxd4 4. Nxd4 Nf6 5. Nc3 d6 6. Bg5 a6 7. Be2 e6 8. O-O Be7 9. Nxc6 bxc6 10. e5 dxe5 11. Bxf6 Qxd1 12. Rfxd1 gxf6 13. Bf3 Bb7 14. Ne4 f5 15. Nd6+ Bxd6 16. Rxd6 e4 17. Bh5 Ke7 18. Rad1 Rad8 19. Rxd8 Rxd8 20. Rxd8 Kxd8 21. Bxf7 Ke7 22. Bh5 c5 23. a3 a5 24. Kf1 Kf6 25. Ke2 Ke5 26. g3 Kd4 27. Bf7 Bd5 28. Kd2 h6 29. Bg8 Bc4 30. b3 Bd5 31. c4 Bc6 32. Bxe6 Ke5 33.
Bc8 f4 34. Bg4 Be8 35. Kc3 Bc6 36. b4 cxb4+ 37. axb4 axb4+ 38. Kxb4 fxg3 39. hxg3 Kd4 40. Be6 Be8 41. Bd5 Bd7 42. Ba8 e3 43. fxe3+ Kxe3 44. Kc5 Kf2 45. Kd6 Ba4 46. g4 Kg3 47. Bc6 Bb3 48.
c5 Kxg4 49. Bd7+ Kg3 50. c6 Bc4 51. c7 Ba6 52. Bb5 Bc8 53. Bd7 Bb7 54. Kc5 h5 55. Kb6 Bg2 56. c8=Q h4 57. Qc7+ Kf2 58. Qf4+ Kg1 59. Qxh4 Bf3 60. Qg3+ Bg2 61. Bc6 Kf1 62. Qxg2+ Ke1 63. Bb5 Kd1 64. Bd3 Kc1 65. Qc2# 1-0

[Event "Early-Titled-Tuesday-Blitz-February-20-2024"]
[Site "Chess.com"]
[Date "2024.02.20"]
[Round "10"]
[White "Kostukov_Alex"]
[Black "EsmeraldasAnderson03"]
[Result "1/2-1/2"]
[WhiteElo "2351"]
[BlackElo "2509"]
[TimeControl "180+1"]
[EndTime "9:58:42 PST"]
[Termination "Game drawn - insufficient material"]

1. g3 d5 2. Bg2 Nf6 3. d3 h6 4. e4 dxe4 5. dxe4 Qxd1+ 6. Kxd1 e5 7. f3 Bc5 8. Nd2 Be6 9. Bh3 Bxh3 10. Nxh3 Nc6 11. c3 O-O-O 12. Ke2 Rd7 13. a4 a5 14. Nc4 Rhd8 15. Nf2 b6 16. Be3 Bxe3 17. Kxe3 Ne8 18. Rhd1 f6 19. Rxd7 Rxd7 20. f4 Nd6 21. Nxd6+ Rxd6 22. Nd3 Kd7 23. fxe5 Nxe5 24. Nxe5+ fxe5 25. Rf1 Ke7 26. Rf5 Ke6 27. Rf8 Rd1 28. Rg8 Re1+ 29. Kd3 Rh1 30.
Rxg7 Rxh2 31. Rxc7 Rxb2 32. Rc6+ Kd7 33. Rxh6 Kc7 34.
Re6 Rg2 35. Rg6 Ra2 36. Kc4 Rxa4+ 37. Kd5 b5 38. Kxe5 Rc4 39. Rg7+ Kb6 40. Rg6+ Kc5 41. Ra6 a4 42. g4 Rxc3 43. g5 Rg3 44. Kf6 a3 45. g6 b4 46. g7 Kc4 47. e5 Rf3+ 48.
Ke6 Rg3 49. Kf7 b3 50. Rxa3 Rxg7+ 51. Kxg7 b2 52. Ra4+ Kc5 53. Ra5+ Kb6 54. Ra8 Kb7 55. Rd8 b1=Q 56. Rd6 Qf5 57. Rd5 Kc6 58. Ra5 Kd7 59. Ra7+ Ke6 60. Ra6+ Kd7 61. e6+ Ke7 62. Ra7+ Kxe6 63.
Ra6+ Kd7 64. Rf6 Qe5 65. Kf7 Qe8+ 66. Kg7 Ke7 67. Rf5 Qc6 68. Rf7+ Ke8 69. Rf8+ Ke7 70. Rf7+ Kd8 71. Rf8+ Kc7 72. Rf7+ Kb8 73. Rf8+ Ka7 74. Rf7+ Kb6 75. Rf6 Qxf6+ 76. Kxf6 1/2-1/2

[Event "Early-Titled-Tuesday-Blitz-February-20-2024"]
[Site "Chess.com"]
[Date "2024.02.20"]
[Round "10"]
[White "ChessBliss09"]
[Black "BallottiLuca"]
[Result "0-1"]
[WhiteElo "2163"]
[BlackElo "2373"]
[TimeControl "180+1"]
[EndTime "9:58:44 PST"]
[Termination "BallottiLuca won by checkmate"]

1. c4 e5 2. Nc3 Nf6 3. Nf3 e4 4. Ng5 c6 5. Ngxe4 Nxe4 6. Nxe4 d5 7. cxd5 cxd5 8. Ng3 h5 9. h4 Bg4 10. d4 Nc6 11. Bf4 Bb4+ 12. Bd2 Bd6 13. Bc3 Qc7 14. Qd3 O-O 15. Nf5 Bb4 16. e3 Bxc3+ 17. bxc3 Bxf5 18.
Qxf5 Nxd4 19. Qd3 Ne6 20. Be2 Rac8 21. O-O g6 22. Qxd5 b6 23. c4 Rfd8 24. Qf3 Rd2 25. Rfd1 Rcd8 26. Rxd2 Rxd2 27. Qa8+ Kh7 28. Bf3 Nc5 29.
Qe8 Nd3 30. Rf1 Rxa2 31. Qe4 Nc5 32. Qb1 Rd2 33. Bxh5 Qe5 34. Bf3 Nd3 35. h5 Kg7 36. hxg6 fxg6 37. Qb3 Qd6 38. Qa4 a5 39. Qe8 Ne5 40.
Be4 a4 41. Qxa4 Nd7 42. Qa7 Kf6 43. Rb1 Nc5 44. Rxb6 Rd1# 0-1

[Event "Early-Titled-Tuesday-Blitz-February-20-2024"]
[Site "Chess.com"]
[Date "2024.02.20"]
[Round "10"]
[White "IMRosen"]
[Black "Grischuk"]
[Result "0-1"]
[WhiteElo "2668"]
[BlackElo "3068"]
[TimeControl "180+1"]
[EndTime "9:58:45 PST"]
[Termination "Grischuk won by resignation"]

1. e4 e5 2. Nf3 Nc6 3. Nc3 Nf6 4. d4 exd4 5. Nxd4 Bb4 6. Nxc6 bxc6 7. Bd3 d5 8. Bd2 O-O 9. O-O Rb8 10. h3 Re8 11. Re1 h6 12. a3 Bf8 13. e5 Nd7 14. f4 Rxb2 15. Na4 Rb8 16. Be3 c5 17. c3 c6 18. c4 Nb6 19. Nxc5 dxc4 20. Be4 Nd5 21. Qd4 Nxe3 22. Qxe3 Qa5 23. Nd3 cxd3 24. Qxd3 Be6 25.
Kh2 Red8 26. Qg3 Rb3 27. Re3 Rxe3 28. Qxe3 Qd2 29. Qg3 Bd5 30. Re1 Bxe4 31. Rxe4 Rd3 32. Qg4 Rd4 33. f5 Rxe4 34. Qxe4 Qd5 35. Qe3 Qc5 36. Qe4 Qd5 37. Qe3 c5 38. g4 Qd4 39.
Qe2 c4 40. e6 Qd6+ 41. Kg2 fxe6 42. fxe6 Qc6+ 43. Kh2 Qc7+ 44. Kg2 c3 45. e7 Bxe7 46. Qc2 Qc6+ 47. Kg1 Qc5+ 48. Kh1 Qd5+ 49. Kg1 Bc5+ 50. Kf1 Qh1+ 51. Ke2 Qg2+ 52. Kd3 Qxc2+ 53. Kxc2 Bxa3 54. Kxc3 Kf7 0-1

[Event "Early-Titled-Tuesday-Blitz-February-20-2024"]
[Site "Chess.com"]
[Date "2024.02.20"]
[Round "10"]
[White "fighter2jz"]
[Black "lachesisQ"]
[Result "0-1"]
[WhiteElo "2815"]
[BlackElo "3054"]
[TimeControl "180+1"]
[EndTime "9:58:48 PST"]
[Termination "lachesisQ won on time"]

1. e4 c5 2. Nf3 d6 3. d4 cxd4 4. Nxd4 Nf6 5. Nc3 a6 6. h3 e5 7. Nde2 h5 8. g3 Be7 9. Bg2 Nbd7 10.
a4 b6 11. Nd5 Nxd5 12. Qxd5 Ra7 13. O-O O-O 14. Qd1 h4 15. g4 Nc5 16. Nc3 Ne6 17. Nd5 Bg5 18. Be3 Bxe3 19. fxe3 Bb7 20. Qd2 Bxd5 21.
exd5 Ng5 22. c4 g6 23. a5 Kg7 24. b4 Qb8 25. e4 f6 26. Qf2 Rb7 27. axb6 Rxb6 28. c5 Rxb4 29. cxd6 Rb2 30. Qxh4 Qxd6 31. Rac1 Qb6+ 32. Kh1 Rf7 33. Rc6 Qe3 34. Qe1 Qa3 35. Qa1 Qb3 36. Qxa6 Rxg2 37. Kxg2 Qxh3+ 38. Kf2 Nxe4+ 39. Ke1 Qe3+ 40. Qe2 Qg3+ 41. Kd1 Nc3+ 42. Rxc3 Qxc3 43.
Qf3 Qd4+ 44. Ke2 e4 45. Qf4 Rb7 0-1